cohdb
Replays
Latest Replays
All Replays
Popular Replays
Top Player Replays
Match Explorer
How It Works
Community
CoH3 Stats
Reddit
Sign in to upload your games and track your stats! →
Sign in with Steam
Match 43459586
Unlisted
Match 43459586
Overview
Messages
Build Orders
End
Construct Barracks
Riflemen Squad
Riflemen Squad
Engineer Squad
Construct Medical Station
M1 Mortar Team
Mechanized Support Center
Riflemen Squad
Construct Motor Pool
M8 Greyhound Armored Car
Grenade Package
Selects Special Operations Battlegroup
Selects Raiding Flares
Selects SSF Commando Squad
Engineer Squad
Designate Forward Repair Station
SSF Commando Squad
M24 Chaffee Light Tank
SSF Commando Squad
Selects Air Re-supply Operation
Selects M29 Weasel with M1 Pack Howitzer
Selects M29 Weasel with M1 Pack Howitzer
Selects Mark Vehicle
Selects UNKNOWN (2162291)
Construct Tank Depot
Air Re-Supply Operation
M4A1 Sherman Medium Tank
M4A1 76mm Conversion
M4A1(76) Sherman Medium Tank
Designate Forward Repair Station
M4A1 Sherman Whizbang
Tugs Dust
Guderian ITA
0
0
Comments
sign in to comment!
No comments posted yet!